 Dungeon Crawl Stone Soup version bcrawl-1.21 (webtiles) character file.

Game seed: 9741760035318205883

2457 Mrkan the Basher (level 9, -5/80 HPs)
             Began as a Minotaur Fighter on Feb 11, 2020.
             Was an Initiate of Gozag.
             Slain by a yak (9 damage)
             ... on level 7 of the Dungeon.
             The game lasted 00:07:50 (6073 turns).

Mrkan the Basher (Minotaur Fighter)                 Turns: 6073, Time: 00:07:50

Health: -5/80      AC: 19    Str: 20    XL:     9   Next: 26%
Magic:  8/8        EV:  5    Int:  5    God:    Gozag
Gold:   614        SH: 11    Dex: 14    Spells: 8/8 levels left

rFire    . . .     SeeInvis .   a - +0 flail
rCold    . . .     Gourm    .   c - +0 shield
rNeg     . . .     Faith    .   b - +0 plate armour
rPois    .         Spirit   .   (helmet restricted)
rElec    .         Reflect  .   l - +1 cloak
rCorr    .         Harm     .   q - +2 pair of gloves {archery}
MR       .....                  (no boots)
Stlth    ..........             (no amulet)
HPRegen  0.23/turn              (no ring)
MPRegen  0.11/turn              (no ring)

@: gold aura
A: retaliatory headbutt, horns 2
a: Potion Petition, Call Merchant, Bribe Branch, Renounce Religion


You were on level 7 of the Dungeon.
You worshipped Gozag.
Gozag was pleased with you.
You were very hungry.

You visited 2 branches of the dungeon, and saw 8 of its levels.

You collected 745 gold pieces.
You spent 39 gold pieces at shops.
You paid 92 gold pieces to Gozag.

Inventory:

Hand Weapons
 a - a +0 flail (weapon)
Armour
 b - a +0 plate armour (worn)
 c - a +0 shield (worn)
 g - a scarf of cloud immunity
 l - a +1 cloak (worn)
 q - a +2 pair of gloves of archery (worn)
Jewellery
 m - a cursed ring of teleportation {unknown}
 v - a cursed -3 ring of evasion {unknown}
 x - a cursed amulet of inaccuracy {unknown}
 B - an uncursed ring of positive energy {unknown}
 E - a cursed -3 ring of intelligence {unknown}
 G - a +3 ring of slaying
Wands
 w - a wand of flame (16)
Scrolls
 f - 7 scrolls of identify {unknown}
 i - 2 scrolls of blinking {unknown}
 j - 5 scrolls of remove curse
 k - 10 scrolls of teleportation {unknown}
 n - 2 scrolls of enchant weapon {unknown}
 r - 4 scrolls of amnesia {unknown}
 y - 2 scrolls of enchant armour {unknown}
 D - 2 scrolls of immolation {unknown}
 F - a scroll of fear {unknown}
Potions
 d - a potion of might
 h - a potion of heal wounds
 o - a potion of cancellation {unknown}
 p - 3 potions of curing
 s - a potion of berserk rage {unknown}
 t - a potion of brilliance {unknown}
 u - a potion of mutation {unknown}
 z - 2 potions of agility {unknown}
 A - a potion of haste {unknown}
 C - 2 potions of ambrosia {unknown}
 H - a potion of resistance {unknown}
 I - a potion of flight {unknown}
Comestibles
 e - 4 rations {!d}


   Skills:
 + Level 7.6 Fighting
 * Level 9.7 Maces & Flails
 + Level 7.6 Armour
 + Level 7.6 Shields


You had 8 spell levels left.
You didn't know any spells.
Your spell library contained the following spells:

 Spells                   Type           Power        Failure   Level  Hunger
 Sandblast                Erth           #.....       100%        1    ##.....
 Passwall                 Tmut/Erth      #.......     100%        2    ###....
 Stone Arrow              Conj/Erth      #.....       100%        3    ####...
 Petrify                  Tmut/Erth      #.......     100%        4    #####..
 Lee's Rapid Deconstruct  Erth           #.........   100%        5    ######.


Dungeon Overview and Level Annotations

Branches:
Dungeon (7/12)             Temple (1/1) D:4
   Lair: D:7-9

Altars:
Ashenzari
Cheibriados
Dithmenos
Elyvilon
Fedhas
Gozag
Hepliaklqana
Kikubaaqudgha
Lugonu
Makhleb
Nemelex Xobeh
Okawaru
Qazlal
Ru
Sif Muna
Trog
Uskayaw
Vehumet
Wu Jian
Xom
Yredelemnul
Zin
The Shining One

Shops:
D:5 ?


Innate Abilities, Weirdness & Mutations

You reflexively headbutt those who attack you in melee.
You have a pair of horns on your head.


Message History

You block the yak's attack.
You hit the yak.
The yak is moderately wounded.
The crimson imp blinks!
You sock the yak!
The yak is severely wounded.
You are feeling very hungry.
The hound is no longer distracted by gold.
The yak gores you!
* * * LOW HITPOINT WARNING * * *
You sock the yak!
The yak is almost dead.
You block the yak's attack. The yak gores you but does no damage.
You hit the yak.
You kill the yak!
You hit the yak.
The yak is lightly wounded.
The yak gores you!
You die...
Your body crumbles into a pile of gold.

### .. $ ######.#
#......## #....... #
#.....#####.#####
#....5hY@.......#
#####.....#####.###.#
#.....$##.#### #
#......##....#
#......##....#
#.............. $
#............##.
#.....<......#
#............#


You could see a yak, a hound and a crimson imp.

Vanquished Creatures
  Sigmund (D:4)
  4 yaks (D:7)
  A hungry ghost (D:6)
  Menkaure (D:6)
  2 phantoms (D:5)
  4 centaurs
  An ogre (D:4)
  A bullfrog (D:6)
  A big kobold (D:6)
  A scorpion (D:6)
  A crimson imp (D:6)
  5 orc priests
  8 orc wizards
  A bullfrog skeleton (D:6)
  Jessica (D:3)
  Terence (D:3)
  A worker ant (D:5)
  A hound skeleton (D:5)
  A worker ant zombie (D:5)
  Robin (D:4)
  4 gnolls (D:6)
  3 adders
  2 oozes
  An adder skeleton (D:5)
  3 worms
  A dart slug (D:3)
  3 leopard geckos
  18 orcs
  A ball python (D:1)
  9 goblins
  11 hobgoblins
  20 jackals
  4 quokkas
  3 bats (D:2)
  2 frilled lizards
  14 kobolds
  5 rats
142 creatures vanquished.

Notes
Turn   | Place    | Note
-------+----------+-------------------------------------------
     0 | D:1      | Mrkan the Minotaur Fighter began the quest for the Orb.
     0 | D:1      | Reached XP level 1. HP: 19/19 MP: 0/0
   569 | D:1      | Reached XP level 2. HP: 27/27 MP: 1/1
   683 | D:1      | Reached skill level 3 in Maces & Flails
  1288 | D:2      | Reached XP level 3. HP: 33/33 MP: 2/2
  2056 | D:3      | Noticed Jessica
  2091 | D:3      | Killed Jessica
  2091 | D:3      | Reached XP level 4. HP: 38/40 MP: 3/3
  2184 | D:3      | Noticed a centaur
  2188 | D:3      | Killed a centaur
  2188 | D:3      | Reached skill level 4 in Maces & Flails
  2188 | D:3      | Reached XP level 5. HP: 37/47 MP: 4/4
  2265 | D:3      | Noticed Terence
  2322 | D:3      | Killed Terence
  2322 | D:3      | Reached skill level 5 in Maces & Flails
  2511 | D:3      | Found a glowing golden altar of the Shining One.
  2516 | D:3      | Reached XP level 6. HP: 55/55 MP: 5/5
  2697 | D:4      | Noticed Robin
  2717 | D:4      | Killed Robin
  2810 | D:4      | Reached skill level 5 in Fighting
  2810 | D:4      | Reached skill level 5 in Armour
  2810 | D:4      | Reached skill level 5 in Shields
  2894 | D:4      | Found a staircase to the Ecumenical Temple.
  2895 | D:4      | Noticed Sigmund
  2905 | D:4      | Killed Sigmund
  2905 | D:4      | Reached skill level 6 in Maces & Flails
  2905 | D:4      | Reached XP level 7. HP: 49/61 MP: 6/6
  3198 | D:4      | Found a burning altar of Makhleb.
  3271 | D:4      | Found a blossoming altar of Fedhas.
  3377 | Temple   | Entered the Ecumenical Temple
  3516 | Temple   | Became a worshipper of Gozag Ym Sagoz the Greedy
  3598 | D:5      | Entered Level 5 of the Dungeon
  4102 | D:5      | Reached skill level 7 in Maces & Flails
  4110 | D:5      | HP: 3/62 [orc wizard/magic dart (1)]
  4458 | D:5      | Found Amoriwno's Magic Scroll Shoppe.
  4462 | D:5      | Bought a scroll of remove curse for 39 gold pieces
  4620 | D:6      | Reached XP level 8. HP: 58/70 MP: 7/7
  5125 | D:6      | Reached skill level 8 in Maces & Flails
  5378 | D:6      | Noticed Menkaure
  5387 | D:6      | Killed Menkaure
  5387 | D:6      | Reached skill level 9 in Maces & Flails
  6030 | D:7      | Reached XP level 9. HP: 27/79 MP: 8/8
  6070 | D:7      | HP: 3/79 [yak (11)]
  6073 | D:7      | Slain by a yak

Skill      XL: |  1  2  3  4  5  6  7  8 |
---------------+-------------------------+-----
Maces & Flails | 3 4 5 6 7 9 |  9.7
Fighting       | 4 5 6 7 |  7.6
Shields        | 4 5 6 7 |  7.6
Armour         | 4 5 6 7 |  7.6

Action                   |  1- 3 |  4- 6 |  7- 9 || total
-------------------------+-------+-------+-------++-------
Melee: Flail             |   104 |   168 |   249 ||   521
       Headbutt          |    10 |    30 |    59 ||    99
  Use: Potion            |       |       |     2 ||     2
  Eat: Chunk             |     3 |     4 |     1 ||     8
       Ration            |       |       |     4 ||     4
Armor: Scale mail        |     5 |       |       ||     5
       Plate armour      |    68 |   130 |   191 ||   389
       Chain mail        |     1 |       |       ||     1
Dodge: Dodged            |    19 |    36 |    45 ||   100
Block: Shield            |    62 |    92 |   120 ||   274
